 Dungeon Crawl Stone Soup version 0.19-a0-1886-gd64a0f0 (webtiles) character file.

393 dobroeutro the Cudgeler (level 6, -6/38 HPs)
             Began as a Gargoyle Fighter on Oct 16, 2016.
             Mangled by a mummy (9 damage)
             ... in an ossuary.
             The game lasted 00:03:44 (2252 turns).

dobroeutro the Cudgeler (Gargoyle Fighter)          Turns: 2252, Time: 00:03:45

Health: -6/38      AC: 13    Str: 20    XL:     6   Next: 81%
Magic:  6/6        EV:  7    Int:  9    God:
Gold:   113        SH:  9    Dex: 10    Spells: 0 memorised, 5 levels left

rFire  . . .     SeeInvis .     a - +0 flail
rCold  . . .     Gourm    .     b - +0 scale mail
rNeg   + . .     Faith    .     c - +0 shield
rPois  ∞         Spirit   .     (no helmet)
rElec  +         Dismiss  .     i - +0 cloak
rCorr  .         Reflect  .     (no gloves)
MR     .....     Harm     .     l - +0 pair of boots
Stlth  .......... Rnd*Tele +    (no amulet)
                                (no ring)
                                e - ring of teleportation

@: no status effects
A: negative energy resistance 1, electricity resistance, unbreathing,
petrification resistance, rot immunity, AC +4
a: no special abilities


You were in an ossuary.
You were not hungry.

You visited 1 branch of the dungeon, and saw 4 of its levels.
You also visited: Ossuary.

You collected 113 gold pieces.

Inventory:

Hand Weapons
 a - a +0 flail (weapon)
Armour
 b - a +0 scale mail (worn)
 c - a +0 shield (worn)
 i - a +0 cloak (worn)
 l - a +0 pair of boots (worn)
Jewellery
 e - a ring of teleportation (left hand)
Wands
 j - a wand of digging (13/24)
 k - a wand of flame (10/48)
Scrolls
 m - a scroll of enchant weapon {unknown}
 n - a scroll of amnesia {unknown}
 q - a scroll of teleportation {unknown}
 u - a scroll of immolation {unknown}
Potions
 d - 2 potions of might
 p - a potion of flight {unknown}
 s - a potion of agility {unknown}
 v - a potion of brilliance {unknown}
 x - a potion of curing {unknown}
Comestibles
 f - a bread ration
 g - 8 meat rations
 h - a beef jerky
 o - 2 royal jellies
 r - 3 slices of pizza
 t - 3 fruits
 w - a chunk of flesh


   Skills:
 + Level 4.1 Fighting
 * Level 6.2 Maces & Flails
 + Level 4.1 Armour
 - Level 3.2 Shields


You had 5 spell levels left.
You didn't know any spells.

Dungeon Overview and Level Annotations

Branches:
Dungeon (4/15)             Temple (0/1) D:4

Altars:
Cheibriados


Innate Abilities, Weirdness & Mutations

You are resistant to torment.
Your stone body is resilient. (AC +4)
You are immune to poison.
You resist negative energy. (rN+)
You are resistant to electric shocks. (rElec)
You can survive without breathing.
You are immune to petrification.
You are immune to rotting.


Message History

You are too injured to fight recklessly!
You are too injured to fight recklessly!
You are too injured to fight recklessly!
You are too injured to fight recklessly!
You hit the mummy but do no damage.
The mummy is severely damaged.
You block the mummy's attack.
You sock the mummy!
You destroy the mummy!
You hit the mummy.
The mummy is lightly damaged.
The mummy hits you!
* * * LOW HITPOINT WARNING * * *
You barely miss the mummy.
The mummy is lightly damaged.
You hit the mummy.
The mummy is moderately damaged.
The giant cockroach zombie waves its antennae.
The mummy hits you!
You die...

#+# ..+
#####.###
#...#.'.#
#.∩@MZ#
#∩..#.'.#
#####.###
+.+ #.#
#.' '.#
#.'


You could see a mummy and a giant cockroach zombie.

Vanquished Creatures
  2 hounds (D:4)
  A crimson imp (D:3)
  2 orc priests
  An iguana (D:3)
  Jessica (D:3)
  2 mummies (Ossuary)
  8 adders
  An ooze (D:3)
  A worm (D:2)
  A dart slug (D:3)
  2 leopard geckos
  10 orcs
  2 ball pythons
  9 bats
  5 giant cockroaches
  5 goblins
  6 hobgoblins
  3 jackals (D:2)
  2 quokkas (D:2)
  3 frilled lizards
  4 kobolds
  9 rats
80 creatures vanquished.

Notes
Turn   | Place    | Note
-------+----------+-------------------------------------------
     0 | D:1      | dobroeutro the Gargoyle Fighter began the quest for the Orb.
     0 | D:1      | Reached XP level 1. HP: 14/14 MP: 1/1
   172 | D:1      | Reached XP level 2. HP: 15/19 MP: 2/2
   252 | D:1      | Reached skill level 3 in Maces & Flails
   566 | D:2      | Reached XP level 3. HP: 23/23 MP: 3/3
   762 | D:2      | Reached skill level 4 in Maces & Flails
   802 | D:2      | Reached XP level 4. HP: 27/28 MP: 4/4
   829 | D:2      | Found a snail-covered altar of Cheibriados.
   992 | D:2      | Found a faded altar of an unknown god.
  1252 | D:3      | Noticed Jessica
  1287 | D:3      | Killed Jessica
  1402 | D:3      | Reached skill level 5 in Maces & Flails
  1428 | D:3      | Reached XP level 5. HP: 21/32 MP: 5/5
  1958 | D:3      | Reached XP level 6. HP: 38/38 MP: 6/6
  2116 | D:4      | Reached skill level 6 in Maces & Flails
  2130 | D:4      | Found a sand-covered staircase.
  2140 | Ossuary  | Entered an ossuary
  2252 | Ossuary  | Mangled by a mummy

Vault maps used:
D:1:      eino_arrival_tree_alley, nrook_uturn
D:2:      cheibriados_altar_1, ecumenical_altar_1, item_on_display_b
D:3:      uniq_jessica
D:4:      chequers_temple_overflow_minitemple, first_bread, enter_ossuary_3,
          grunt_ministairs_11, uniq_eustachio
Ossuary:  ossuary_zaba_flooded

Skill      XL: |  1  2  3  4  5  6 |
---------------+-------------------+-----
Maces & Flails | 3 4 5 6 |  6.2
Fighting       | 4 |  4.1
Armour         | 4 |  4.1
Shields        | |  3.2

Action                   |  1- 3 |  4- 6 || total
-------------------------+-------+-------++-------
Melee: Flail             |    38 |   108 ||   146
       Whip              |    74 |   237 ||   311
  Use: Scroll            |       |     3 ||     3
  Eat: Chunk             |       |     5 ||     5
Armor: Scale mail        |    58 |   218 ||   276
Dodge: Dodged            |    30 |   116 ||   146
Block: Shield            |    56 |   215 ||   271
